Cogmind - Beta 11.1 @@@ ROGUE MODE // 2022.05.01 @ 21:34:33 Player: Olga Result: Self-destructed Performance ------------- Evolutions (7) 3500 Regions Visited (12) 2400 Robots Destroyed (0) 0 Value Destroyed (60) 60 Prototype IDs (1) 20 Alien Tech Used (0) 0 Bonus (4785) 4785 TOTAL SCORE: 10765 Bonus ------- Pacifist 4085 Entered Garrisons 200 Entered DSFs 500 Cogmind --------- Core Integrity 247/1300 Matter 300/300 Energy 99/100 System Corruption 0% Temperature Cool (9) Movement Core (50) Location -3/Research Parts ------- > --- POWER (1) -------- (None) > --- PROPULSION (4) --- (None) > --- UTILITY (14) ----- Hacking Suite > --- WEAPON (2) ------- (None) > --- INVENTORY (5) ---- Wheel Compact Wheel Peak State ------------ > --- POWER ------------ (None) > --- PROPULSION ------- Cooled VTOL Module Field Propulsion Drive > --- UTILITY ---------- Machine Analyzer Medium Armor Plating Hacking Suite Hacking Suite > --- WEAPON ----------- Makeshift Shrapnel Gun Makeshift Spear > --- INVENTORY -------- Light Treads Wheel Compact Wheel [Rating: 30] Favorites ----------- Power None Propulsion Cooled VTOL Module Treads Light Treads Flight Unit Cooled VTOL Module Utility Hacking Suite Device Seismic Detector Processor Machine Analyzer Hackware Hacking Suite Protection Medium Armor Plating Weapon Makeshift Spear Ballistic Gun Makeshift Shrapnel Gun Piercing Weapon Makeshift Spear Build | -11 -10 -9 -8 -7 -6 -6 -6 -5 -4 -4 -4 -3 ------- Run | Scr Mat Mat Mat Fac Fac Low Low Fac Fac DSF Gar Res Slots Evolved 14 | . . 2 2 2 2 . . 2 2 . . 2 Power . | . . . . . . . . . . . . . Propulsion 2 | . . . . . 1 . . . 1 . . . Utility 12 | . . 2 2 2 1 . . 2 1 . . 2 Weapon . | . . . . . . . . . . . . . Parts Attached 14 | 1 . . . 1 . 2 . 6 1 . 3 . Power . | . . . . . . . . . . . . . Engine . | . . . . . . . . . . . . . Core . | . . . . . . . . . . . . . Reactor . | . . . . . . . . . . . . . Propulsion 5 | . . . . 1 . . . 1 . . 3 . Treads 1 | . . . . . . . . . . . 1 . Leg . | . . . . . . . . . . . . . Wheel . | . . . . . . . . . . . . . Hover . | . . . . . . . . . . . . . Flight 4 | . . . . 1 . . . 1 . . 2 . Utility 6 | . . . . . . 1 . 4 1 . . . Device 1 | . . . . . . . . 1 . . . . Storage . | . . . . . . . . . . . . . Processor 1 | . . . . . . 1 . . . . . . Hackware 3 | . . . . . . . . 2 1 . . . Protection 1 | . . . . . . . . 1 . . . . Artifact . | . . . . . . . . . . . . . Weapon 3 | 1 . . . . . 1 . 1 . . . . Energy Gun . | . . . . . . . . . . . . . Energy Cannon . | . . . . . . . . . . . . . Ballistic Gun 2 | 1 . . . . . . . 1 . . . . Ballistic Cannon . | . . . . . . . . . . . . . Launcher . | . . . . . . . . . . . . . Special Weapon . | . . . . . . . . . . . . . Impact Weapon . | . . . . . . . . . . . . . Slashing Weapon . | . . . . . . . . . . . . . Piercing Weapon 1 | . . . . . . 1 . . . . . . Special Melee Weapon . | . . . . . . . . . . . . . Unidentified Prototypes 1 | . . . . 1 . . . . . . . . Parts Lost 11 | . . 1 . . . . . 3 . 2 5 . Power . | . . . . . . . . . . . . . Propulsion 3 | . . . . . . . . 1 . . 2 . Utility 5 | . . . . . . . . 2 . 1 2 . Weapon 3 | . . 1 . . . . . . . 1 1 . Highest Loss Streak 7 | . . 1 . . . . . 1 . 2 7 . To Critical Strikes . | . . . . . . . . . . . . . Average Slot Usage (%) 17 | . 14 8 . 2 6 13 20 34 34 31 14 4 Flight 4 | . . . . 2 6 6 6 10 5 5 2 . Processor 2 | . . . . . . 2 6 5 5 5 4 . Hackware 3 | . . . . . . . . 4 13 12 6 4 Ballistic Gun 2 | . 14 8 . . . . . 3 5 2 . . Piercing Weapon 2 | . . . . . . 4 6 5 5 5 1 . Naked Turns 104 | . . 9 72 23 . . . . . . . . Heaviest Build 11 | 2 2 2 . . . 2 2 11 4 4 2 . Greatest Support 20 | 3 3 3 3 5 7 5 5 14 5 7 20 3 Greatest Overweight (x) . | . . . . . . . . . . . . . Average Overweight (x) . | . . . . . . . . . . . . . Largest Inventory Capacity 5 | 5 5 5 5 5 5 5 5 5 5 5 5 5 Average Capacity 5 | 5 5 5 5 5 5 5 5 5 5 5 5 5 Most Carried 5 | 4 4 5 5 5 5 5 5 5 3 3 4 2 Average Carried 3 | 4 4 4 5 5 5 5 5 3 3 3 3 2 Final Capacity 5 | 5 5 5 5 5 5 5 5 5 5 5 5 5 Final Carried 5 | 4 4 5 5 5 5 5 5 3 3 3 2 2 Class Distribution -------------------- 77% | Mutant 22% | Hacker-Mutant Dominant Class ---------------- Mutant | -10/Materials Mutant | -9/Materials Mutant | -8/Materials Mutant | -7/Factory Mutant | -6/Factory Mutant | -6/Lower Caves Mutant | -6/Lower Caves Hacker-Mutant | -5/Factory Hacker-Mutant | -4/Factory Hacker-Mutant | -4/DSF Hacker-Mutant | -4/Garrison Mutant | -3/Research Resources | -11 -10 -9 -8 -7 -6 -6 -6 -5 -4 -4 -4 -3 ----------- Run | Scr Mat Mat Mat Fac Fac Low Low Fac Fac DSF Gar Res Matter Collected 275 | 200 . . . . . 19 . . . 14 42 . Remotely . | . . . . . . . . . . . . . Salvage Created . | . . . . . . . . . . . . . Parts . | . . . . . . . . . . . . . Haulers Intercepted . | . . . . . . . . . . . . . Recyclers Shooed . | . . . . . . . . . . . . . Parts Field Recycled . | . . . . . . . . . . . . . Retrieved Matter . | . . . . . . . . . . . . . Parts Self-Destructed 1 | . . . . . . 1 . . . . . . Prevented 1 | . . . . . . 1 . . . . . . Kills | -11 -10 -9 -8 -7 -6 -6 -6 -5 -4 -4 -4 -3 ------- Run | Scr Mat Mat Mat Fac Fac Low Low Fac Fac DSF Gar Res Combat Hostiles Destroyed . | . . . . . . . . . . . . . Classes Destroyed . | . . . . . . . . . . . . . Best Kill Streak . | . . . . . . . . . . . . . Combat Bots Only . | . . . . . . . . . . . . . Max Kills in Single Turn . | . . . . . . . . . . . . . Gunslinging . | . . . . . . . . . . . . . Exploded . | . . . . . . . . . . . . . Melee . | . . . . . . . . . . . . . Uniques/NPCs Destroyed . | . . . . . . . . . . . . . Combat | -11 -10 -9 -8 -7 -6 -6 -6 -5 -4 -4 -4 -3 -------- Run | Scr Mat Mat Mat Fac Fac Low Low Fac Fac DSF Gar Res Damage Taken 3722 | . 7 441 336 93 . . 2 525 . 300 965 1053 Core 3142 | . 7 337 336 66 . . . 231 . 293 819 1053 Absorbed by Shields 87 | . . . . . . . . 34 . . 53 . Core Remaining (%) 64 | 100 97 15 38 90 . . 100 76 . . 3 . Volleys Fired . | . . . . . . . . . . . . . Largest . | . . . . . . . . . . . . . Hottest . | . . . . . . . . . . . . . Shots Fired . | . . . . . . . . . . . . . Gun . | . . . . . . . . . . . . . Cannon . | . . . . . . . . . . . . . Launcher . | . . . . . . . . . . . . . Special . | . . . . . . . . . . . . . Kinetic . | . . . . . . . . . . . . . Thermal . | . . . . . . . . . . . . . Explosive . | . . . . . . . . . . . . . Electromagnetic . | . . . . . . . . . . . . . Robot Hit Streak . | . . . . . . . . . . . . . Robot Miss Streak . | . . . . . . . . . . . . . Penetration Max . | . . . . . . . . . . . . . Secondary Targets . | . . . . . . . . . . . . . Shots Hit Robots . | . . . . . . . . . . . . . Core Hits 1 | . . . . . . . . . . . . 1 Critical Kills . | . . . . . . . . . . . . . Critical Parts Destroyed . | . . . . . . . . . . . . . Critical Strikes . | . . . . . . . . . . . . . Melee Attacks 10 | . . . . . . . . . 8 . 2 . Impact . | . . . . . . . . . . . . . Slashing . | . . . . . . . . . . . . . Piercing 10 | . . . . . . . . . 8 . 2 . Sneak Attacks . | . . . . . . . . . . . . . Combat Hostiles . | . . . . . . . . . . . . . Follow-up Attacks . | . . . . . . . . . . . . . Damage Inflicted 28 | . 15 . . . . . 5 . . . 3 5 Guns . | . . . . . . . . . . . . . Cannons . | . . . . . . . . . . . . . Explosions . | . . . . . . . . . . . . . Melee . | . . . . . . . . . . . . . Ramming 28 | . 15 . . . . . 5 . . . 3 5 Kinetic . | . . . . . . . . . . . . . Thermal . | . . . . . . . . . . . . . Explosive . | . . . . . . . . . . . . . Electromagnetic . | . . . . . . . . . . . . . Impact . | . . . . . . . . . . . . . Slashing . | . . . . . . . . . . . . . Piercing . | . . . . . . . . . . . . . Highest Corruption 5 | . . . 1 . . . . 5 . . . . Average Corruption 2 | . . . 1 . . . . 2 . . . . Corruption Purged . | . . . . . . . . . . . . . Corruption Blocked . | . . . . . . . . . . . . . Effects 3 | . . . . . . . . 3 . . . . Message Errors 1 | . . . . . . . . 1 . . . . Heat Flow Errors 1 | . . . . . . . . 1 . . . . Energy Discharges 1 | . . . . . . . . 1 . . . . Overload Shots . | . . . . . . . . . . . . . Overflow Damage 1 | . . . . . . . 1 . . . . . Projectiles . | . . . . . . . . . . . . . Explosions . | . . . . . . . . . . . . . Melee 1 | . . . . . . . 1 . . . . . Knockbacks . | . . . . . . . . . . . . . Impact . | . . . . . . . . . . . . . Kinetic . | . . . . . . . . . . . . . Secondary . | . . . . . . . . . . . . . Self-Inflicted Damage 12 | . 7 . . . . . 2 . . . 1 2 Shots . | . . . . . . . . . . . . . Rammed 5 | . 1 . . . . . 1 . . . 1 2 Targets Rammed 5 | . 1 . . . . . 1 . . . 1 2 Kicked . | . . . . . . . . . . . . . Crushed . | . . . . . . . . . . . . . Highest Temperature 253 | . . . . . . . . 253 . . . 30 Average Temperature 96 | . . . . . . . . 253 . . . 17 Received Heat Transfer 529 | . . 117 135 30 . . . 33 . . . 214 Siege Activations . | . . . . . . . . . . . . . Robots Corrupted . | . . . . . . . . . . . . . Combat Hostiles . | . . . . . . . . . . . . . Parts Fried . | . . . . . . . . . . . . . Impact Corruptions 1 | . . . . . . . 1 . . . . . Robots Melted . | . . . . . . . . . . . . . Combat Hostiles . | . . . . . . . . . . . . . Parts Melted . | . . . . . . . . . . . . . Heat Transferred . | . . . . . . . . . . . . . Parts Sabotaged . | . . . . . . . . . . . . . Parts Stolen . | . . . . . . . . . . . . . Parts Stripped . | . . . . . . . . . . . . . Power Chain Reactions . | . . . . . . . . . . . . . Missiles Intercepted . | . . . . . . . . . . . . . Alert | -11 -10 -9 -8 -7 -6 -6 -6 -5 -4 -4 -4 -3 ------- Run | Scr Mat Mat Mat Fac Fac Low Low Fac Fac DSF Gar Res Peak Influence 140 | . 15 53 92 56 42 . . 98 68 47 55 140 Initial 47 | . . 5 17 41 27 . . 12 47 47 20 30 Average 31 | . 2 29 43 43 30 . . 21 51 37 14 53 Maximum Alert Level . | . . . . . . . . . . . . . Low Security (%) 100 | 100 100 100 100 100 100 . . 100 100 100 100 100 Level 1 . | . . . . . . . . . . . . . Level 2 . | . . . . . . . . . . . . . Level 3 . | . . . . . . . . . . . . . Level 4 . | . . . . . . . . . . . . . Level 5 . | . . . . . . . . . . . . . High Security . | . . . . . . . . . . . . . Max Security . | . . . . . . . . . . . . . Squads Dispatched 10 | . 1 1 2 . . . . 2 . . . 4 Investigation 9 | . 1 1 1 . . . . 2 . . . 4 Extermination . | . . . . . . . . . . . . . Reinforcement 1 | . . . 1 . . . . . . . . . Assault . | . . . . . . . . . . . . . Garrison . | . . . . . . . . . . . . . Intercept . | . . . . . . . . . . . . . Searches Triggered . | . . . . . . . . . . . . . Construction Impeded . | . . . . . . . . . . . . . Haulers Reinforced . | . . . . . . . . . . . . . Active Scanning Responses . | . . . . . . . . . . . . . Cargo Convoy Interrupts . | . . . . . . . . . . . . . Stealth | -11 -10 -9 -8 -7 -6 -6 -6 -5 -4 -4 -4 -3 --------- Run | Scr Mat Mat Mat Fac Fac Low Low Fac Fac DSF Gar Res Distress Signals 1 | . . . 1 . . . . . . . . . Communications Jammed . | . . . . . . . . . . . . . Distress Signals . | . . . . . . . . . . . . . Times Spotted 64 | . 2 12 9 2 2 . . 7 1 1 10 18 Peak Tracking Total 13 | . 2 13 10 2 2 . . 7 1 1 9 13 Tactical Retreats 3 | . . . . . . . . 1 . . 1 1 Traps | -11 -10 -9 -8 -7 -6 -6 -6 -5 -4 -4 -4 -3 ------- Run | Scr Mat Mat Mat Fac Fac Low Low Fac Fac DSF Gar Res Traps Triggered 5 | . 1 1 . . 1 . . 1 . . 1 . Indirectly . | . . . . . . . . . . . . . Trap Hack Attempts . | . . . . . . . . . . . . . Triggered . | . . . . . . . . . . . . . Disarmed . | . . . . . . . . . . . . . Reprogrammed . | . . . . . . . . . . . . . Reused . | . . . . . . . . . . . . . Traps Extracted . | . . . . . . . . . . . . . Installed . | . . . . . . . . . . . . . Triggered 1 | . . . . . . 1 . . . . . . Machines | -11 -10 -9 -8 -7 -6 -6 -6 -5 -4 -4 -4 -3 ---------- Run | Scr Mat Mat Mat Fac Fac Low Low Fac Fac DSF Gar Res Machines Disabled . | . . . . . . . . . . . . . Max in Single Turn . | . . . . . . . . . . . . . Machines Sabotaged 1 | . . . . . . . . . . . . 1 Garrisons Compromised . | . . . . . . . . . . . . . Overloaded Fab Kills . | . . . . . . . . . . . . . Hacking | -11 -10 -9 -8 -7 -6 -6 -6 -5 -4 -4 -4 -3 --------- Run | Scr Mat Mat Mat Fac Fac Low Low Fac Fac DSF Gar Res Machines Accessed 18 | . . 4 2 . 1 . . 6 1 . . 4 Terminals 16 | . . 4 2 . 1 . . 5 1 . . 3 Fabricators 2 | . . . . . . . . 1 . . . 1 Repair Stations . | . . . . . . . . . . . . . Recycling Units . | . . . . . . . . . . . . . Scanalyzers . | . . . . . . . . . . . . . Garrison Access . | . . . . . . . . . . . . . Total Hacks 41 | . . 11 6 . 1 . . 12 2 . . 9 Successful 15 | . . 7 . . . . . 6 1 . . 1 Failed 26 | . . 4 6 . 1 . . 6 1 . . 8 Catastrophic 6 | . . . 3 . . . . 2 . . . 1 Database Lockouts . | . . . . . . . . . . . . . Manual 29 | . . 9 4 . . . . 8 . . . 8 Terminals 38 | . . 11 6 . 1 . . 11 2 . . 7 Fabricators 3 | . . . . . . . . 1 . . . 2 Repair Stations . | . . . . . . . . . . . . . Recycling Units . | . . . . . . . . . . . . . Scanalyzers . | . . . . . . . . . . . . . Garrison Access . | . . . . . . . . . . . . . Terminal Hacks 7 | . . 3 . . . . . 3 1 . . . Record 1 | . . 1 . . . . . . . . . . Open DSF 1 | . . . . . . . . . 1 . . . Level Access Points 2 | . . 1 . . . . . 1 . . . . Branch Access Points 1 | . . . . . . . . 1 . . . . Terminal Index 2 | . . 1 . . . . . 1 . . . . Fabricator Hacks . | . . . . . . . . . . . . . Repair Station Hacks . | . . . . . . . . . . . . . Recycling Unit Hacks . | . . . . . . . . . . . . . Scanalyzer . | . . . . . . . . . . . . . Garrison Access Hacks . | . . . . . . . . . . . . . Unauthorized Hacks 8 | . . 4 . . . . . 3 . . . 1 Terminals 8 | . . 4 . . . . . 3 . . . 1 Botnet 7 | . . 4 . . . . . 3 . . . . Sabotage 1 | . . . . . . . . . . . . 1 Fabricators . | . . . . . . . . . . . . . Repair Stations . | . . . . . . . . . . . . . Recycling Units . | . . . . . . . . . . . . . Scanalyzers . | . . . . . . . . . . . . . Garrison Access . | . . . . . . . . . . . . . Data Cores Recovered . | . . . . . . . . . . . . . Used . | . . . . . . . . . . . . . Hacking Detections 17 | . . 4 2 . 1 . . 5 1 . . 4 Full Trace Events 10 | . . 3 2 . . . . 2 . . . 3 Feedback Events 1 | . . . 1 . . . . . . . . . Corruption 1 | . . . 1 . . . . . . . . . Feedback Blocked . | . . . . . . . . . . . . . Robot Schematics Acquired . | . . . . . . . . . . . . . Robots Built . | . . . . . . . . . . . . . Authchips . | . . . . . . . . . . . . . Time . | . . . . . . . . . . . . . Total Robot Build Rating . | . . . . . . . . . . . . . Part Schematics Acquired . | . . . . . . . . . . . . . Parts Built . | . . . . . . . . . . . . . Authchips . | . . . . . . . . . . . . . Time . | . . . . . . . . . . . . . Total Part Build Rating . | . . . . . . . . . . . . . Parts Repaired . | . . . . . . . . . . . . . Time . | . . . . . . . . . . . . . Parts Recycled . | . . . . . . . . . . . . . Recycled Matter . | . . . . . . . . . . . . . Retrieved Matter . | . . . . . . . . . . . . . Retrieved Components . | . . . . . . . . . . . . . Parts Scanalyzed . | . . . . . . . . . . . . . Part Schematics Acquired . | . . . . . . . . . . . . . Parts Damaged . | . . . . . . . . . . . . . Bothacking | -11 -10 -9 -8 -7 -6 -6 -6 -5 -4 -4 -4 -3 ------------ Run | Scr Mat Mat Mat Fac Fac Low Low Fac Fac DSF Gar Res Used RIF Installer . | . . . . . . . . . . . . . Robots Hacked . | . . . . . . . . . . . . . Non-combat . | . . . . . . . . . . . . . Combat . | . . . . . . . . . . . . . Robot Hacks Applied . | . . . . . . . . . . . . . Relay Couplers Released . | . . . . . . . . . . . . . Fabnet Peak Effective % . | . . . . . . . . . . . . . Robots Rewired . | . . . . . . . . . . . . . Allies Hacked . | . . . . . . . . . . . . . Hacks Repelled . | . . . . . . . . . . . . . Allies | -11 -10 -9 -8 -7 -6 -6 -6 -5 -4 -4 -4 -3 -------- Run | Scr Mat Mat Mat Fac Fac Low Low Fac Fac DSF Gar Res Total Allies . | . . . . . . . . . . . . . Largest Group . | . . . . . . . . . . . . . Highest-Rated Group . | . . . . . . . . . . . . . Highest-Rated Ally . | . . . . . . . . . . . . . Total Orders . | . . . . . . . . . . . . . Ally Attacks . | . . . . . . . . . . . . . Total Damage . | . . . . . . . . . . . . . Kills . | . . . . . . . . . . . . . Allies Corrupted . | . . . . . . . . . . . . . Allies Melted . | . . . . . . . . . . . . . Intel | -11 -10 -9 -8 -7 -6 -6 -6 -5 -4 -4 -4 -3 ------- Run | Scr Mat Mat Mat Fac Fac Low Low Fac Fac DSF Gar Res Robot Analysis Total . | . . . . . . . . . . . . . Derelict Logs Recovered . | . . . . . . . . . . . . . Drone Launches . | . . . . . . . . . . . . . Drone Recoveries . | . . . . . . . . . . . . . Exploration | -11 -10 -9 -8 -7 -6 -6 -6 -5 -4 -4 -4 -3 ------------- Run | Scr Mat Mat Mat Fac Fac Low Low Fac Fac DSF Gar Res Turns Passed 767 | 1 38 48 72 36 72 87 21 185 42 26 65 74 Spaces Moved 1700 | 1 73 94 143 78 165 236 56 460 69 77 113 135 Core 538 | 1 73 94 143 44 . . . . . . 48 135 Treads 2 | . . . . . . . . . . . 2 . Legs . | . . . . . . . . . . . . . Wheels . | . . . . . . . . . . . . . Hover . | . . . . . . . . . . . . . Flight 1160 | . . . . 34 165 236 56 460 69 77 63 . Fastest Speed 32 | 50 50 50 50 35 35 35 35 32 35 32 32 50 Average Speed 40 | 50 50 50 50 43 35 35 35 36 35 34 42 50 Slowest Speed 160 | 50 50 50 50 50 35 35 35 37 35 35 160 50 Overloaded Moves 81 | . . . . . . . . 24 . 24 33 . Propulsion Burnouts . | . . . . . . . . . . . . . Robots Hopped 13 | . . . . . . . . 13 . . . . Cave-ins Triggered . | . . . . . . . . . . . . . Exploration Rate (%) 21 | 2 25 14 22 4 7 51 13 16 3 87 32 7 Regions Visited 12 Branch Regions 2 Pre-discovered Areas . | . . . . . . . . . . . . . Known Exits Taken 3 | . . 1 . . . . . 1 1 . . . Unknown Exits Taken 7 | 1 1 . 1 1 1 1 1 . . . . . Scrap Searched 4 | . . . . . . 3 1 . . . . . Spaces Dug 6 | . . . . . . . . . 6 . . . Terrain Destroyed 6 | . . . . . . . . . 6 . . . Melee 6 | . . . . . . . . . 6 . . . Projectile . | . . . . . . . . . . . . . AOE . | . . . . . . . . . . . . . Terrain Rammed . | . . . . . . . . . . . . . Walls Destroyed . | . . . . . . . . . . . . . Machines Disabled . | . . . . . . . . . . . . . Actions | -11 -10 -9 -8 -7 -6 -6 -6 -5 -4 -4 -4 -3 --------- Run | Scr Mat Mat Mat Fac Fac Low Low Fac Fac DSF Gar Res Total 1744 | 1 73 94 142 78 178 239 57 461 77 76 127 141 Wait 6 | . . . . . . . 1 1 . . . 4 Move 1665 | . 72 93 142 77 164 235 56 435 68 76 112 135 Hop 11 | . . . . . . . . 11 . . . . Pick Up 2 | . . 1 . . . 1 . . . . . . Fast Attach 9 | . . . . 1 . 2 . 4 1 . 1 . Attach 5 | 1 . . . . . . . 2 . . 2 . Detach 1 | . . . . . . . . . . . 1 . Swap . | . . . . . . . . . . . . . Drop 2 | . . . . . . 1 . . . . 1 . Fire . | . . . . . . . . . . . . . Melee 10 | . . . . . . . . . 8 . 2 . Ram 4 | . 1 . . . . . . . . . 1 2 Kick . | . . . . . . . . . . . . . Crush . | . . . . . . . . . . . . . Escape Stasis 29 | . . . . . 14 . . 8 . . 7 . Rewire . | . . . . . . . . . . . . . Trap . | . . . . . . . . . . . . . Miscellaneous . | . . . . . . . . . . . . . Route ------- -11/Scrapyard -10/Materials -9/Materials (discovered 3 exits: *Mat x3) -8/Materials -7/Factory -6/Factory (discovered 2 exits: *Fac / [*Low]) -6/Lower Caves -6/Lower Caves -5/Factory (discovered 6 exits: *Fac x4 / Upp x2) -4/Factory -4/DSF -4/Garrison -3/Research History --------- Turn | Location | Event 1 | -11/Scrapyard | Released all parts (6) 2 | -11/Scrapyard | Discovered new exit (range 0) 2 | -11/Scrapyard | Entered Materials 32 | -10/Materials | Discovered new exit (range 15) 40 | -10/Materials | Entered another Materials area 40 | -9/Materials | Evolved 2 slots: Utility x2 66 | -9/Materials | Identified exit to Materials 82 | -9/Materials | Core integrity fell below 50% 87 | -9/Materials | Core integrity fell below 20% 88 | -9/Materials | Entered another Materials area 88 | -8/Materials | Evolved 2 slots: Utility x2 152 | -8/Materials | Discovered new exit (range 16) 154 | -8/Materials | Core integrity fell below 50% 160 | -8/Materials | Entered Factory 160 | -7/Factory | Evolved 2 slots: Utility x2 179 | -7/Factory | Discovered new exit (range 16) 196 | -7/Factory | Entered another Factory area 196 | -6/Factory | Evolved 2 slots: Propulsion x1, Utility x1 264 | -6/Factory | Discovered new exit (range 10) 267 | -6/Factory | Discovered new exit (range 11) 268 | -6/Factory | Entered Lower Caves 301 | -6/Lower Caves | Encountered a Warlord checkpoint 310 | -6/Lower Caves | Build established: Mutant 353 | -6/Lower Caves | Discovered new exit (range 8) 355 | -6/Lower Caves | Entered another Lower Caves area 371 | -6/Lower Caves | Discovered new exit (range 10) 376 | -6/Lower Caves | Entered Factory 376 | -5/Factory | Evolved 2 slots: Utility x2 460 | -5/Factory | Identified exit to Upper Caves 534 | -5/Factory | Identified exit to Factory 561 | -5/Factory | Entered another Factory area 561 | -4/Factory | Evolved 2 slots: Propulsion x1, Utility x1 602 | -4/Factory | Identified exit to DSF 603 | -4/Factory | Entered DSF 624 | -4/DSF | Discovered new exit (range 16) 629 | -4/DSF | Additional patrols routed to DSF 629 | -4/DSF | Entered Garrison 640 | -4/Garrison | Triggered checkpoint 661 | -4/Garrison | Core integrity fell below 50% 672 | -4/Garrison | Spotted B-86 Titan 676 | -4/Garrison | Triggered checkpoint 678 | -4/Garrison | Core integrity fell below 20% 688 | -4/Garrison | Discovered new exit (range 12) 694 | -4/Garrison | Entered Research 694 | -3/Research | Evolved 2 slots: Utility x2 717 | -3/Research | Lost 7 parts (2n3u2w) 762 | -3/Research | Core integrity fell below 50% 768 | -3/Research | Self-destructed Last Messages --------------- 00740_ Slug penetrates Terminal. 00747_ Connecting with Terminal... 00747_ ALERT: Suspicious activity at Terminal R014. Dispatching Investigation squad. 00750_ U-05 Engineer destroyed. 00751_ Penetrated by Slug. 00751_ Slug penetrates Wall. 00752_ K-01 Serf collects debris. 00755_ T-07 Excavator destroyed. 00756_ K-01 Serf collects debris. 00756_ Slug penetrates Wall. 00757_ Critical hit (Burn: +37). 00761_ Critical hit (Burn: +50). 00764_ Connecting with Terminal... >>Force(Sabotage) SYSTEM_VULNERABLE[Antimatter Diverter] NETWORK_OVERLOAD COORDINATES_RETRIEVED 00764_ ALERT: Suspicious activity at Terminal R015. Dispatching Investigation squad. Map ----- +----------------------------------------------------+ | ?????????????????????????????????????????????????? | | ?????????????????????????????????????????????????? | | ???????????????????? ?????????????????????????? | | ??????????????????? ? ??????????????????? | | ??????????????????? ? #?????????????????? | | ?????????????????### ? #?????????????????? | | ???????########## ## ? #?????????????????? | | ???????# # """ #?????????????????? | | ???????# ! # """ #?????????????????? | | ???????# # """ #?????????????????? | | ???????# % # #?????????????????? | | ???????# "" "" / +?????????????????? | | ???????# ""T"" # #?????????????????? | | ???????# """ # !! #??????###########? | | ???????#+######/#### !! ######## ! #? | | ???????# #??# !! == = # #? | | ???????# #??# !%|%* # #? | | ???????# #??# ! ! # """ ?? | | ?????### #??# + """ #? | | ?????+ #??#########""" """###### # """ #? | | ?????# #??????????#"""T"""#?#T"# # #? | | ?????# ###################### "# # ] #? | | ?????# g g g ###########? | | ?????+ % g ssg #??????????? | | ?????# b sg #??????????? | | ?????# @ g #??????????? | | ?????# #################/######+########??????? | | ?????# #??????????# """ # % #??????? | | ###### ########???# """ # #??????? | | # #???# """ # " =#??????? | | # #???# # """" #??????? | | # #???# # """" #??????? | | + """""% #???# # """" #??????? | | # """"" #???# [ #= """" #??????? | | """ # "" F" #???############# ??????????? | | """ # ########????????# ! ??????????? | | """ # #????????######??????????? | | ###### ^^ #????????????????????????? | | ?????# #????????????????????????? | | ?????# ^ +????????????????????????? | | ?????######## #????????????????????????? | | ????????????# #????????????????????????? | | ############# #????????????????????????? | | #????????????????????????? | | ]] #????????????????????????? | | ]] #????????????????????????? | | ]] #????????????????????????? | | ###########+##########????????????????????????? | | #???????? ????????????????????????????????? | | #?????? ??????????????????????????????? | +----------------------------------------------------+ Best States ------------- Heat Dissipation 46 Energy Generation 5 Energy Capacity 100 Matter Stores 300 Matter Capacity 300 Sight Range 16 Terrain Scan Density 10 Armor Coverage 225 Evasion (%) 63 Offensive Hacking 20 Defensive Hacking 10 Item Schematics ----------------- None Robot Schematics ------------------ None Fabricated ------------ Nothing Alien Tech Used ----------------- None Achievements -------------- None Challenges ------------ None Game ------ Seed BombardmentAngularExtractor Manual? 0 Play Time 00:22:57 Cumulative 147.2 hours Start 2022.05.01 @ 21:14:04 End 2022.05.01 @ 21:34:33 Sessions 1 Manual Loads 0 Difficulty Rogue Special Mode None Game No. 220 Rogue 219 Adventurer 0 Explorer 1 Win Type - Total 6 Types 6/0/0/0/0/0/0/0/0 Lore% 60 Gallery% 62 Achievement% 50 Wizard Run 0 Options --------- ASCII 1 Keyboard 0 Movement Vi Keybinds 0 Fullscreen 1 Font 18/SmallcapsGlow Map View 76x50 Tactical HUD 1 Map Filters NONE Filters NONE Steam 1 RUN: 181b3ec8-65c8-438a-8e90-e6bee67d81e8